 Dungeon Crawl Stone Soup version 0.26.1-11-gd32895ea62 (webtiles) character file.

Game seed: 5680192555126770371

203 nothank2 the Cudgeller (level 5, -1/32 HPs)
             Began as a Gargoyle Fighter on July 9, 2021.
             Slain by Menkaure (16 damage)
             ... on level 4 of the Dungeon.
             The game lasted 00:04:23 (3493 turns).

nothank2 the Cudgeller (Gargoyle Fighter)           Turns: 3493, Time: 00:04:24

Health: -1/32      AC: 12    Str: 21    XL:     5   Next: 81%
Magic:  5/5        EV:  7    Int:  8    God:
Gold:   124        SH:  9    Dex:  9    Spells: 4/4 levels left

rFire    . . .     SeeInvis .   a - +0 flail
rCold    . . .     Faith    .   c - +0 kite shield
rNeg     + . .     Spirit   .   b - +0 scale mail
rPois    ∞         Reflect  .   (no helmet)
rElec    +         Harm     .   (no cloak)
rCorr    .         Rampage  .   (no gloves)
Will     .....                  o - +0 pair of boots
Stlth    ..........             (no amulet)
HPRegen  0.10/turn              (no ring)
MPRegen  0.09/turn              (no ring)

@: no status effects
A: negative energy resistance 1, electricity resistance, unbreathing,
petrification resistance, miasma immunity, AC +4
a: no special abilities


You were on level 4 of the Dungeon.
You visited 1 branch of the dungeon, and saw 4 of its levels.

You collected 124 gold pieces.

Inventory:

Hand Weapons
 a - a +0 flail (weapon)
Missiles
 q - 12 poisoned darts (quivered)
Armour
 b - a +0 scale mail (worn)
 c - a +0 kite shield (worn)
 o - a +0 pair of boots (worn)
Scrolls
 e - 5 scrolls of identify {unknown}
 h - 2 scrolls of teleportation {unknown}
 i - 2 scrolls of magic mapping {unknown}
 j - 2 scrolls of fog {unknown}
 k - 2 scrolls of remove curse {unknown}
 p - a scroll of noise {unknown}
Potions
 d - 3 potions of might
 f - 5 potions of curing
 g - 2 potions of flight {unknown}
 l - a potion of mutation {unknown}
 m - a potion of ambrosia {unknown}
 n - 3 potions of attraction {unknown}
 r - 2 potions of heal wounds {unknown}


   Skills:
 + Level 3.2 Fighting
 + Level 5.8 Maces & Flails
 - Level 3.2 Armour
 - Level 3.2 Shields


You had 4 spell levels left.
You didn't know any spells.
Your spell library was empty.

Dungeon Overview and Level Annotations

Branches:
Dungeon (4/15)
 Temple: D:4-7

Altars:
Dithmenos

Annotations:
D:4 Menkaure


Innate Abilities, Weirdness & Mutations

You are resistant to torment.
Your stone body is resilient. (AC +4)
You are immune to poison.
You resist negative energy. (rN+)
You are resistant to electric shocks. (rElec)
You can survive without breathing.
You are immune to petrification.
You are immune to miasma.


Message History

Found 24 arrows.
Found a shadowy altar of Dithmenos.
You thump Menkaure!
Menkaure is moderately damaged.
Menkaure hits you but does no damage. Menkaure barely misses you.
You sock Menkaure!
Menkaure is severely damaged.
The ooze barely misses you.
Menkaure calls on the powers of darkness!
The ooze convulses!
Your body is wracked with pain!
You are too injured to fight recklessly!
You are too injured to fight recklessly!
You hit Menkaure.
Menkaure is severely damaged.
Menkaure barely misses you. The ooze hits you but does no damage.
You hit Menkaure but do no damage.
Menkaure is severely damaged.
Menkaure completely misses you. The ooze hits you but does no damage.
Menkaure hits you!
Ouch! That really hurt!
You die...

.###......# #....
#.........#####..#
##..........##..#
#..............#
............#.##
......$....##.#####
($.........##.##..####
...........##.#......##
.......@..###.#.......##
......MJ..# #..........#
.........## #..........#
.........# ##..........#
........## #)..........#
........# ##............
#.#....## #.............
._....# ##............#
#.............#


You could see Menkaure (fast) and an ooze.

Vanquished Creatures
  Crazy Yiuf (D:2)
  8 gnolls
  3 adders
  A worm (D:2)
  A dart slug (D:3)
  2 orcs (D:3)
  3 giant cockroaches
  10 goblins
  5 hobgoblins
  3 jackals (D:2)
  2 quokkas
  A ball python (D:3)
  11 bats
  9 frilled lizards
  4 kobolds
  8 rats
72 creatures vanquished.

Notes
Turn   | Place    | Note
-------+----------+-------------------------------------------
     0 | D:1      | nothank2 the Gargoyle Fighter began the quest for the Orb.
     0 | D:1      | Reached XP level 1. HP: 14/14 MP: 1/1
   235 | D:1      | Reached XP level 2. HP: 17/19 MP: 2/2
   390 | D:1      | Reached skill level 3 in Maces & Flails
  1064 | D:2      | Reached XP level 3. HP: 23/23 MP: 3/3
  1374 | D:2      | Reached skill level 4 in Maces & Flails
  1396 | D:2      | Reached XP level 4. HP: 6/28 MP: 4/4
  2162 | D:2      | Found a runed translucent door.
  2163 | D:2      | Noticed Crazy Yiuf
  2176 | D:2      | Killed Crazy Yiuf
  2177 | D:2      | Reached skill level 5 in Maces & Flails
  2177 | D:2      | Reached XP level 5. HP: 6/32 MP: 5/5
  3485 | D:4      | Noticed Menkaure
  3489 | D:4      | Found a shadowy altar of Dithmenos.
  3493 | D:4      | Slain by Menkaure

Illustrated notes

Levels and vault maps discovered:
D:1:      minmay_arrival_cross, layout_basic
D:2:      layout_basic, uniq_crazy_yiuf_cottage
D:3:      layout_basic
D:4:      minmay_wonky_spiral, layout_cave_pods, lemuel_crystal_altar,
          uniq_menkaure, uniq_sigmund

Skill      XL: |  1  2  3  4 |
---------------+-------------+-----
Maces & Flails | 3 4 5 |  5.8
Fighting       | |  3.2
Armour         | |  3.2
Shields        | |  3.2

Action                   |  1- 3 |  4- 6 || total
-------------------------+-------+-------++-------
Melee: Flail             |   158 |   139 ||   297
 Stab: Invisible         |       |     1 ||     1
Armor: Scale mail        |   115 |    59 ||   174
Dodge: Dodged            |    56 |    51 ||   107
Block: Kite shield       |    84 |    72 ||   156
